 Dungeon Crawl Stone Soup version 0.30.1-11-g7821555f0a (webtiles) character file.

Game seed: 15387121796883040899

87388 coolio the Geomancer (level 15, -2/118 HPs)
             Began as an Ogre Earth Elementalist on Jan 5, 2024.
             Was an Elder of Ashenzari.
             Slain by a cyan ugly thing (17 damage)
             ... on level 15 of the Dungeon.
             The game lasted 00:57:53 (31635 turns).

coolio the Geomancer (Ogre Earth Elementalist)     Turns: 31635, Time: 00:57:54

Health: -2/118     AC:  7    Str: 30    XL:     15   Next: 90%
Magic:  21/33      EV: 10    Int: 22    God:    Ashenzari [****..]
Gold:   593        SH:  0    Dex: 15    Spells: 17/43 levels left

rFire   . . .        f - +1 giant spiked club "Omniscient Seeker" {Evo, Melee} (curse)
rCold   . . .        (shield currently unavailable)
rNeg    . . .        S - +1 troll leather armour of Shadows and Fog {Regen+ Str+2 Dex+6 Slay+3}
rPois   .            (helmet restricted)
rElec   .            n - +0 cloak of Ashenzari's Omen {Comp, Self} (curse)
rCorr   .            (gloves unavailable)
SInv    +            (boots unavailable)
Will    +....        A - amulet of magic regeneration
Stlth   ++           d - ring "Tethered Fortune-Teller" {Str+6, Alch, Comp} (curse)
HPRegen 1.19/turn    G - ring "Tethered With Me" {Str+6, Fort, Self} (curse)
MPRegen 0.63/turn

%: clarity
@: no status effects
A: large, unfitting armour, tough skin 1
a: Renounce Religion, Shatter the Chains


You were on level 15 of the Dungeon.
You worshipped Ashenzari.
Ashenzari was greatly pleased with you.
You visited 5 branches of the dungeon, and saw 24 of its levels.
You also visited: Volcano.

You collected 2572 gold pieces.
You spent 1979 gold pieces at shops.

Inventory:

Hand Weapons
 f - the cursed +1 giant spiked club "Omniscient Seeker" (weapon) {Evo, Melee}
   (You took it off an ogre on level 4 of the Dungeon)

   It has a curse which improves the following skills: Evocations: Evocations.
   Melee Combat: Short Blades, Long Blades, Axes, Maces & Flails, Polearms,
   Staves and Unarmed Combat.
 J - a +5 giant spiked club
 K - a +1 demon whip of flaming
Missiles
 i - 5 javelins
 r - 3 curare-tipped darts
Armour
 n - the cursed +0 cloak of Ashenzari's Omen (worn) {Comp, Self}
   (You took it off Crazy Yiuf on level 5 of the Dungeon)

   It has a curse which improves the following skills: Companions: Summonings
   and Necromancy.
   Introspection: Fighting and Spellcasting.
 B - a scarf of shadows
 S - the +1 troll leather armour of Shadows and Fog (worn) {Regen+ Str+2 Dex+6 Slay+3}
   (You acquired it on level 5 of the Lair of Beasts)

   Str:       It affects your strength (+2).
   Dex:       It affects your dexterity (+6).
   Slay:      It affects your accuracy & damage with ranged weapons and melee
   (+3).
   Regen:     It increases your rate of health regeneration.
Jewellery
 d - the cursed ring "Tethered Fortune-Teller" (left hand) {Str+6, Alch, Comp}
   (You found it on level 1 of the Dungeon)

   [ring of strength]

   Str:       It affects your strength (+6).
   It has a curse which improves the following skills: Alchemy: Poison Magic and
   Transmutations.
   Companions: Summonings and Necromancy.
 h - a ring of fire
 k - a ring of fire
 A - an amulet of magic regeneration (around neck)
 G - the cursed ring "Tethered With Me" (right hand) {Str+6, Fort, Self}
   (You found it on level 10 of the Dungeon)

   [ring of strength]

   Str:       It affects your strength (+6).
   It has a curse which improves the following skills: Fortitude: Armour and
   Shields.
   Introspection: Fighting and Spellcasting.
 L - a ring of protection from cold
 N - a +6 ring of intelligence
 T - a +6 ring of dexterity
 V - a ring of positive energy
 X - a ring of wizardry
Wands
 q - a wand of quicksilver (20)
 y - a wand of digging (14)
 E - a wand of roots (12)
 F - a wand of flame (9)
 H - a wand of charming (4)
 R - a wand of mindburst (10)
Scrolls
 c - 7 scrolls of teleportation
 e - 4 scrolls of amnesia
 j - 9 scrolls of fog
 w - 4 scrolls of blinking
 D - 2 scrolls of magic mapping
 I - 2 scrolls of fear
 M - 5 scrolls of vulnerability
 Q - a scroll of silence
 U - 3 scrolls of enchant armour
Potions
 a - 5 potions of invisibility
 b - 2 potions of magic
 g - 4 potions of haste
 m - 3 potions of curing
 o - 3 potions of degeneration
 p - 4 potions of heal wounds
 t - 2 potions of might
 u - a potion of lignification
 v - a potion of cancellation
 x - 3 potions of attraction
 z - 3 potions of mutation
 C - 5 potions of ambrosia
 O - 5 potions of flight
 P - a potion of brilliance
 Y - a potion of berserk rage
Miscellaneous
 W - a phial of floods


   Skills:
 * Level 13.8(15.5) Maces & Flails
 - Level 1.7 Dodging
 - Level 1.4 Stealth
 + Level 12.1(14.7) Spellcasting
 - Level 3.0 Conjurations
 + Level 5.7(8.4) Necromancy
 - Level 8.1(10.0) Transmutations
 * Level 14.1 Earth Magic
 + Level 8.4(10.3) Evocations


You had 17 spell levels left.
You knew the following spells:

 Your Spells              Type           Power      Damage    Failure   Level
a - Sandblast             Erth           100%       2d20      0%          1
b - Stone Arrow           Conj/Erth      100%       3d13      1%          3
c - Petrify               Tmut/Erth      62%        N/A       1%          4
d - Statue Form           Tmut/Erth      41%        N/A       4%          6
e - Wereblood             Tmut           57%        N/A       1%          2
f - Lee's Rapid Deconstr  Erth           34%        3d17*     1%          5
g - Borgnjor's Vile Clut  Necr/Erth      30%        N/A       1%          5

Your spell library contained the following spells:

 Spells                   Type           Power      Damage    Failure   Level
 Beastly Appendage        Tmut           100%       N/A       1%          1
 Cigotuvi's Dreadful Rot  Necr/Pois/Air  56%        N/A       1%          2
 Passwall                 Tmut/Erth      51%        N/A       1%          2
 Spider Form              Tmut/Pois      38%        N/A       1%          3
 Dispel Undead            Necr           52%        3d19      1%          4
 Leda's Liquefaction      Hex/Erth       23%        N/A       2%          4
 Ice Form                 Ice/Tmut       38%        N/A       5%          4
 Lesser Beckoning         Tloc           32%        N/A       6%          2
 Frozen Ramparts          Ice            32%        1d5       12%         3
 Gell's Gravitas          Tloc           16%        N/A       12%         3
 Inner Flame              Hex/Fire       16%        N/A       12%         3
 Teleport Other           Tloc           16%        N/A       12%         3
 Vhi's Electric Charge    Tloc/Air       32%        N/A       12%         3
 Yara's Violent Unravell  Hex/Tmut       19%        3d9       14%         5
 Death Channel            Necr           26%        N/A       21%         6
 Flame Wave               Conj/Fire      22%        2d8       22%         4
 Sticky Flame             Conj/Fire      22%        2d4       22%         4
 Summon Ice Beast         Ice/Summ       17%        N/A       36%         4
 Arcjolt                  Conj/Air       11%        1d21      52%         5
 Metabolic Englaciation   Hex/Ice        8%         N/A       75%         5
 Conjure Ball Lightning   Conj/Air       11%        3x3d6     98%         6
 Plasma Beam              Fire/Air       8%         2x1d20    99%         6
 Necromutation            Tmut/Necr      27%        N/A       99%         8
 Enfeeble                 Hex            8%         N/A       100%        7
 Borgnjor's Revivificati  Necr           26%        N/A       100%        8
 Discord                  Hex            8%         N/A       100%        8
 Disjunction              Tloc           8%         N/A       100%        8
 Death's Door             Necr           26%        N/A       100%        9
 Shatter                  Erth           34%        3d27*     100%        9


Dungeon Overview and Level Annotations

Branches:
Dungeon (15/15)            Temple (1/1) D:5            Lair (5/5) D:10
 Shoals (1/4) Lair:3        Snake (0/4) Lair:2        Slime (0/5) Lair:4
    Orc (2/2) D:11            Elf (0/3) Orc:2        Vaults (0/5) D:13
Volcano (visited)
 Depths: D:15

Altars:
Ashenzari
Cheibriados
Dithmenos
Elyvilon
Fedhas
Gozag
Hepliaklqana
Kikubaaqudgha
Makhleb
Nemelex Xobeh
Okawaru
Qazlal
Ru
Sif Muna
Trog
Uskayaw
Vehumet
Wu Jian
Xom
Yredelemnul
Zin
The Shining One

Shops:
D:5 *   Orc:2 *[(*

Annotations:
D:10 3 runed translucent doors, andronian's ghost, novice DECj; rundlesten's ghost, novice OpHW


Innate Abilities, Weirdness & Mutations

You are too large for most types of armour.
You have tough skin. (AC +1)


Message History

The red ugly thing pecks you.
You are engulfed in flames!!
* * * LOW HITPOINT WARNING * * *
You completely miss the red ugly thing.
The red ugly thing is almost dead.
The zombie hands constrict the cyan ugly thing!
The zombie hands constrict the red ugly thing! x2
You kill the red ugly thing!
The cyan ugly thing struggles to escape constriction.
Unknown command.
Casting: Borgnjor's Vile Clutch (mildly dangerous; 1% risk of failure)
Confirm with . or Enter, or press ? or * to list all spells.
Aiming: Borgnjor's Vile Clutch (mildly dangerous; 1% risk of failure)
Press: ? - help, Shift-Dir - straight line, f - red ugly thing
Aim: a red ugly thing (100% to hit)
The cyan ugly thing is unaffected.
Zombie hands grab the red ugly thing.
The zombie hands constrict the cyan ugly thing!
The zombie hands constrict the red ugly thing! x2
The red ugly thing basks in the mutagenic energy from its kin and changes!
The cyan ugly thing struggles to escape constriction.
Unknown command.
The zombie hands constrict the cyan ugly thing!
The zombie hands constrict the red ugly thing!
The zombie hands constrict the brown ugly thing!
The zombie hands release their grip on the brown ugly thing.
The cyan ugly thing escapes!
The red ugly thing struggles to escape constriction.
Casting: Borgnjor's Vile Clutch (mildly dangerous; 1% risk of failure)
Confirm with . or Enter, or press ? or * to list all spells.
Aiming: Borgnjor's Vile Clutch (mildly dangerous; 1% risk of failure)
Press: ? - help, Shift-Dir - straight line, f - cyan ugly thing, p - red ugly thing
Aim: a cyan ugly thing (severely wounded, 100% to hit)
Zombie hands grab the cyan ugly thing.
Zombie hands grab the brown ugly thing.
The zombie hands constrict the cyan ugly thing.
The zombie hands constrict the red ugly thing.
The zombie hands constrict the brown ugly thing.
The cyan ugly thing engulfs you.
* * * LOW HITPOINT WARNING * * *
The cyan ugly thing shocks you!
You die...

* * * ,, *
, ,, * ** *
** * *, **
, , * #####
, ,
.#.###...#
*, *
,.........#
, , *,, ,
*#uu!# * ,*
, **,,
,{*##.## *
, * , ∆#u#
, * * * ,,
, #@# ** ,,
, ** , , *
#......#* *
* ,, , ,
*,########*
**, ,, * **
** ***** ,
*, , * *, ,
** * * *, *
, *,* ,***
* * ** ,
,,, *


You could see 3 ugly things.

Vanquished Creatures
  An orc warlord (Orc:2)
  Josephine (Orc:1)
  A fire dragon (Volcano)
  5 hydras
  4 catoblepae
  2 rakshasas (D:14)
  2 centaur warriors (D:13)
  A death knight (D:13)
  17 death yaks
  4 two-headed ogres
  A boulder beetle (D:11)
  2 orc high priests (Orc:2)
  2 tengu warriors
  A soul eater (D:14)
  3 skysharks (Lair:5)
  A skeletal warrior (D:11)
  A sixfirhy (D:14)
  An obsidian statue (D:14)
  3 deep elf pyromancers
  2 orc knights
  2 wizards (D:13)
  2 harpies (Lair:3)
  A lindwurm (Volcano)
  4 oklob plants (Lair:1)
  2 cyclopes
  11 ugly things
  6 orc sorcerers
  3 manticores
  2 molten gargoyles (Volcano)
  A guardian serpent (Lair:2)
  A rust devil (D:14)
  8 elephants
  5 black mambas
  A torpor snail (Lair:5)
  Maggie (D:6)
  8 cane toads
  A gargoyle (D:13)
  8 komodo dragons
  2 kobold demonologists
  An unseen horror (D:12)
  2 rime drakes
  2 efreet
  6 trolls
  A hellwing (D:14)
  An ice devil (D:14)
  A hornet (D:9)
  A polar bear (Lair:5)
  10 dream sheep
  A snapping turtle (Shoals:1)
  13 blink frogs
  3 slime creatures (D:14)
  4 wraiths
  4 shadows
  3 water elementals (D:13)
  4 wyverns
  40 yaks
  A hog (shapeshifter) (D:13)
  A human (D:11)
  6 fire bats (Volcano)
  4 steam dragons
  6 basilisks
  12 vampire mosquitoes
  3 acid dragons
  2 wargs
  3 hell hounds (Volcano)
  10 water moccasins
  27 orc warriors
  3 sky beasts
  A black bear (Lair:1)
  3 ice beasts
  7 ogres
  18 wolves
  5 centaurs (D:13)
  4 kobold brigands
  3 scorpions
  9 bullfrogs
  19 wights
  11 killer bees
  2 howler monkeys (D:13)
  4 electric eels
  2 crimson imps (D:14)
  2 quasits (D:14)
  5 lava snakes (Volcano)
  A jelly (Lair:4)
  2 hounds
  16 orc priests
  An iron imp (D:14)
  Crazy Yiuf (D:5)
  2 gnoll boudas
  2 iguanas
  32 orc wizards
  12 gnolls
  7 adders
  2 shadow imps (D:6)
  A white imp (D:14)
  3 ufetubi
  3 worms
  2 dart slugs (D:1)
  85 orcs
  6 endoplasms
  7 giant cockroaches
  6 goblins
  6 hobgoblins
  2 jackals (D:2)
  7 quokkas
  7 ball pythons
  5 bats
  3 frilled lizards (D:3)
  21 kobolds
  4 rats
640 creatures vanquished.

Vanquished Creatures (collateral kills)
  An orc priest (D:11)
1 creature vanquished.

Vanquished Creatures (others)
  A warg (D:11)
  An acid dragon (D:11)
2 creatures vanquished.

Grand Total: 643 creatures vanquished

Notes
Turn   | Place    | Note
-------+----------+-------------------------------------------
     0 | D:1      | coolio the Ogre Earth Elementalist began the quest for the
                  | Orb.
     0 | D:1      | Reached XP level 1. HP: 16/16 MP: 3/3
     1 | D:1      | Noticed a minotaur skeleton
     3 | D:1      | Noticed a minotaur zombie
    18 | D:1      | Noticed an octopode
    18 | D:1      | Noticed a dwarf
    83 | D:1      | Reached skill level 1 in Transmutations
   141 | D:1      | Reached XP level 2. HP: 24/24 MP: 1/5
   193 | D:1      | Reached skill level 3 in Earth Magic
   657 | D:1      | Reached XP level 3. HP: 31/31 MP: 1/7
   736 | D:1      | Found a faded altar of an unknown god.
  1324 | D:2      | Learned a level 3 spell: Stone Arrow
  1796 | D:2      | Reached XP level 4. HP: 39/39 MP: 6/8
  2160 | D:3      | Reached skill level 1 in Maces & Flails
  2323 | D:3      | Found the +5 Lochaber axe {reach-cleave, Poleaxe Drain}
  2788 | D:4      | Found a sparkling altar of Nemelex Xobeh.
  2912 | D:4      | Noticed an ogre
  2913 | D:4      | Noticed a scorpion
  3009 | D:4      | Reached skill level 1 in Conjurations
  3009 | D:4      | Reached XP level 5. HP: 45/45 MP: 6/9
  3116 | D:4      | Killed an ogre
  3117 | D:4      | Reached skill level 4 in Earth Magic
  3117 | D:4      | Reached XP level 6. HP: 52/53 MP: 1/11
  3862 | D:5      | Entered Level 5 of the Dungeon
  3868 | D:5      | Found Yjawiph's Elemental Accessories.
  3878 | D:5      | Noticed a sky beast
  3891 | D:5      | Killed a sky beast
  3892 | D:5      | Reached XP level 7. HP: 17/59 MP: 2/12
  4542 | D:5      | Found a staircase to the Ecumenical Temple.
  4642 | Temple   | Entered the Ecumenical Temple
  4654 | Temple   | Became a worshipper of Ashenzari the Shackled
  4854 | D:5      | Found a runed translucent door.
  4855 | D:5      | Noticed Crazy Yiuf
  4860 | D:5      | Killed Crazy Yiuf
  5120 | D:5      | Reached skill level 5 in Earth Magic
  5390 | D:6      | Reached XP level 8. HP: 67/67 MP: 4/14
  5512 | D:6      | Found a stormy altar of Qazlal.
  6147 | D:6      | Reached * piety under Ashenzari
  6366 | D:6      | Found a hide-covered altar of Uskayaw.
  6477 | D:7      | Noticed Maggie
  6494 | D:6      | Killed Maggie
  6495 | D:6      | Reached skill level 5 in Maces & Flails
  6495 | D:6      | Reached skill level 5 in Spellcasting
  6495 | D:6      | Reached skill level 6 in Earth Magic
  6495 | D:6      | Reached skill level 1 in Evocations
  6649 | D:6      | Reached XP level 9. HP: 43/74 MP: 0/16
  7519 | D:8      | Found a glowing golden altar of the Shining One.
  7520 | D:8      | Found a shimmering altar of Xom.
  7542 | D:8      | Reached skill level 7 in Earth Magic
  7652 | D:8      | Found an iron altar of Okawaru.
  7654 | D:8      | Found a snail-covered altar of Cheibriados.
  7654 | D:8      | Found a blossoming altar of Fedhas.
  7655 | D:8      | Found a basalt altar of Yredelemnul.
  8022 | D:8      | Reached XP level 10. HP: 65/81 MP: 6/19
  8284 | D:8      | Reached ** piety under Ashenzari
  8655 | D:8      | Reached skill level 5 in Transmutations
  8714 | D:8      | Found a white marble altar of Elyvilon.
  8740 | D:8      | Found an ornate altar of the Wu Jian Council.
  9104 | D:9      | Reached skill level 8 in Earth Magic
  9297 | D:9      | Reached *** piety under Ashenzari
  9389 | D:9      | Found a glowing silver altar of Zin.
  9945 | D:10     | Entered Level 10 of the Dungeon
  9979 | D:10     | Reached **** piety under Ashenzari
 10130 | D:10     | Found a runed translucent gate.
 10131 | D:10     | Found a runed translucent gate.
 10131 | D:10     | Found a runed translucent gate.
 10133 | D:10     | Noticed rundlesten's ghost (novice OpHW)
 10133 | D:10     | Noticed andronian's ghost (novice DECj)
 10207 | D:10     | Identified the +2 dagger of the Scavenger {flame, Dex+2}
 10322 | D:10     | Found a sacrificial altar of Ru.
 10449 | D:10     | Found a staircase to the Lair.
 10516 | D:10     | Noticed a kobold demonologist
 10532 | D:10     | Killed a kobold demonologist
 10533 | D:10     | Reached XP level 11. HP: 87/88 MP: 11/24
 10606 | D:10     | Learned a level 4 spell: Petrify
 10859 | D:11     | Noticed a skeletal warrior
 10862 | D:11     | Noticed a two-headed ogre
 10870 | D:11     | Killed a two-headed ogre
 11044 | D:11     | Noticed a cyclops
 11134 | D:11     | Killed a cyclops
 11135 | D:11     | Reached skill level 9 in Earth Magic
 11147 | D:10     | HP: 3/88 [warg (10)]
 11643 | D:11     | Found a staircase to the Orcish Mines.
 11660 | D:11     | Noticed a boulder beetle
 11837 | D:11     | HP: 4/88 [boulder beetle (45)]
 11838 | D:11     | Killed a boulder beetle
 12265 | D:11     | Noticed a two-headed ogre
 12268 | D:11     | Killed a two-headed ogre
 12580 | D:11     | Killed a skeletal warrior
 12606 | D:11     | Found a hazy altar of Hepliaklqana.
 12758 | Lair:1   | Entered Level 1 of the Lair of Beasts
 12896 | Lair:1   | Found a dark tunnel.
 12905 | Volcano  | Entered a volcano
 13057 | Volcano  | Found a burning altar of Makhleb.
 13057 | Volcano  | Noticed a lindwurm
 13063 | Volcano  | Reached XP level 12. HP: 59/96 MP: 13/26
 13076 | Volcano  | Reached skill level 10 in Earth Magic
 13076 | Volcano  | Reached skill level 5 in Evocations
 13381 | Volcano  | Noticed a fire dragon
 13386 | Volcano  | Killed a fire dragon
 13675 | Lair:1   | Reached ***** piety under Ashenzari
 14384 | Lair:1   | Identified the +11 sling "Duxopel" {freeze, Dex+3}
 14480 | Lair:1   | Reached skill level 10 in Maces & Flails
 16254 | Lair:2   | Reached skill level 11 in Earth Magic
 16365 | Lair:2   | Found a staircase to the Snake Pit.
 16763 | Lair:3   | Reached XP level 13. HP: 89/104 MP: 18/29
 17240 | Lair:2   | HP: 4/104 [wolf (5)]
 17798 | Lair:3   | Found a staircase to the Shoals.
 18494 | Lair:3   | Reached skill level 10 in Spellcasting
 19148 | Lair:3   | Learned a level 6 spell: Statue Form
 19218 | Lair:4   | Identified the cursed +0 steam dragon scales of the
                  | Profound Comet {Evo, Elem} (You took it off Maggie on level
                  | 6 of the Dungeon)
 19372 | Lair:4   | Reached skill level 1 in Necromancy
 19505 | Lair:4   | Learned a level 2 spell: Wereblood
 19554 | Lair:4   | Reached skill level 12 in Earth Magic
 19974 | Lair:4   | Learned a level 5 spell: Lee's Rapid Deconstruction
 20216 | D:5      | Bought the Anthology of the Quake for 520 gold pieces
 20222 | D:5      | Learned a level 5 spell: Borgnjor's Vile Clutch
 20444 | Shoals:1 | Entered Level 1 of the Shoals
 20481 | Shoals:1 | Noticed a merfolk javelineer
 20661 | Lair:4   | Identified 2 scrolls of acquirement
 20814 | Lair:4   | Found a runed translucent door.
 20815 | Lair:4   | Found a staircase to the Slime Pits.
 20980 | Lair:5   | Entered Level 5 of the Lair of Beasts
 21071 | Lair:5   | Reached XP level 14. HP: 93/111 MP: 31/31
 21084 | Lair:5   | Acquired 566 gold pieces
 22313 | Lair:5   | Acquired the +1 troll leather armour of Shadows and Fog
                  | {Regen+ Str+2 Dex+6 Slay+3}
 23439 | Lair:5   | Reached skill level 13 in Earth Magic
 24042 | Orc:1    | Entered Level 1 of the Orcish Mines
 24598 | Orc:2    | Entered Level 2 of the Orcish Mines
 24598 | Orc:2    | Noticed Josephine
 24615 | Orc:1    | Killed Josephine
 25037 | Orc:2    | Reached XP level 15. HP: 118/118 MP: 25/33
 25049 | Orc:2    | Found a staircase to the Elven Halls.
 25080 | Orc:2    | Found Syli's Assorted Antiques.
 25766 | Orc:2    | Noticed an orc warlord
 26050 | Orc:2    | Killed an orc warlord
 26530 | Orc:2    | Found Boerull's Antique Armour Emporium.
 26593 | Orc:2    | Found Qepluf's Antique Weapon Shoppe.
 26893 | Orc:2    | Found Goub's General Store.
 26901 | Orc:2    | Bought a phial of floods for 600 gold pieces
 27076 | Orc:2    | Bought a wand of roots (8) for 288 gold pieces
 27127 | Orc:2    | Bought a wand of quicksilver (4) for 571 gold pieces
 27776 | D:12     | Found a hazy altar of Hepliaklqana.
 28515 | D:13     | Reached skill level 5 in Necromancy
 29424 | D:13     | Found a gate to the Vaults.
 30444 | D:14     | Reached skill level 14 in Earth Magic
 31623 | D:15     | Entered Level 15 of the Dungeon
 31635 | D:15     | Slain by a cyan ugly thing

Illustrated notes

Levels and vault maps discovered:
D:1:      shiori_arrival_whats_in_store_for_you, layout_basic,
          ebering_ecumenical_altar_mist
D:2:      layout_loops_ring
D:3:      layout_loops_cross, serial_glass, glass_columns_c, glass_columns_c,
          minmay_strange_pillars, feat_on_display
D:4:      layout_cave_pools, nemelex_xobeh_ov_fountains_minmay,
          serial_bayou_lake_a
D:5:      layout_loops_cross, minmay_temple_entry_gardened_gates,
          nicolae_elemental_shop, uniq_crazy_yiuf_cottage
D:6:      layout_gridville, nicolae_qazlal_scattered_showers, kennysheep_mini
D:7:      layout_rooms, uniq_maggie
D:8:      layout_basic, grunt_temple_overflow_open,
          mainiacjoe_overflow_two_lobes
D:9:      layout_loops_corners, zin_statuary, kennysheep_generic_room_9
D:10:     layout_loops_cross, mainiacjoe_overflow_concentric_impassable,
          david_lair_shrubbed, gammafunk_ghost_cemetery, grunt_decor_clamped
D:11:     layout_roguey, erik_orc_4, minmay_ruined_shrine
D:12:     layout_stronghold, minmay_misc_feat_rows,
          worldfamousw_hep_ancestral_shrine
D:13:     layout_basic, david_vaults_1
D:14:     layout_roguey, hangedman_devilish_allure
D:15:     grunt_enter_depths_snipers, layout_loops_ring,
          grunt_dithmenos_smoke_and_mirrors
Temple:   chequers_temple_sunken
Lair:1:   minmay_lair_oklob_tunnel, layout_cave_pods,
          lightli_volcano_entry_magma_tube, infiniplex_staircase_pool
Lair:2:   layout_loops_ring, minmay_snake_entry_spellcaster, serial_bayou,
          serial_bayou_pond_e, serial_bayou_shore_a, serial_bayou_pond_d,
          serial_bayou_shore_b, lemuel_old_faithful
Lair:3:   layout_layer_cave, nicolae_shoals_entry_roost,
          infiniplex_staircase_pool_2, grunt_megastairs_5
Lair:4:   layout_roguey, slime_entry_2
Lair:5:   evilmike_catoblepas_cave, layout_regular_city, serial_bayou_shore_b,
          grunt_megastairs_3, serial_bayou_shore_b
Shoals:1: layout_shoals, serial_shops, nicolae_shop_advertising_works
          [nicolae_subvault_shop_adworks], hangedman_shoal_volcano
Orc:1:    layout_caves
Orc:2:    grunt_orc_community_town_hall, layout_caves,
          grunt_orc_community_big_house_1, grunt_orc_community_big_house_2,
          grunt_orc_community_house_2, grunt_orc_community_house_1,
          grunt_orc_community_house_2, grunt_orc_community_house_2,
          grunt_orc_community_house_3, grunt_orc_community_house_3, basic_altar,
          uniq_josephine

Skill      XL: |  1  2  3  4  5  6  7  8  9 10 11 12 13 14 15 |
---------------+----------------------------------------------+-----
Transmutations | 1 2 3 4 5 6 7 8 |  8.1
Earth Magic    | 3 4 5 6 7 8 9 11 12 13 14 | 14.1
Spellcasting   | 3 4 5 6 7 8 9 10 11 12 | 12.1
Maces & Flails | 1 2 3 5 6 7 9 10 11 12 13 | 13.8
Conjurations   | 1 2 3 |  3.0
Evocations     | 1 2 3 4 5 6 7 8 |  8.4
Necromancy     | 2 4 5 |  5.7
Dodging        | |  1.7
Stealth        | |  1.4

Action                     |  1- 3 |  4- 6 |  7- 9 | 10-12 | 13-15 || total
---------------------------+-------+-------+-------+-------+-------++-------
  Melee: Unarmed           |     1 |       |       |       |       ||     1
         Mace              |     3 |     4 |       |       |       ||     7
         Giant spiked club |       |     9 |    27 |    53 |   806 ||   895
  Throw: Dart              |       |       |       |     2 |       ||     2
   Cast: Sandblast         |    59 |    68 |    88 |    35 |     6 ||   256
         Stone Arrow       |       |    12 |    67 |   339 |   258 ||   676
         Petrify           |       |       |       |     3 |     2 ||     5
         Statue Form       |       |       |       |       |    42 ||    42
         Wereblood         |       |       |       |       |    20 ||    20
         Borgnjor's Vile C |       |       |       |       |    48 ||    48
         Lee's Rapid Decon |       |       |       |       |     7 ||     7
 Invoke: Curse Item        |       |       |     1 |     4 |       ||     5
         Shatter the Chain |       |       |       |       |     1 ||     1
  Evoke: Wand              |       |       |     1 |     6 |     2 ||     9
    Use: Scroll            |       |    13 |     1 |     4 |    10 ||    28
         Potion            |       |     1 |     6 |     5 |     3 ||    15
   Stab: Petrified         |       |       |       |       |     4 ||     4
 Armour: Robe              |    12 |    10 |    24 |       |       ||    46
         Steam dragon scal |       |       |    21 |    91 |    89 ||   201
         Skin              |       |       |    31 |       |   886 ||   917
         Troll leather arm |       |       |       |       |    18 ||    18
  Dodge: Dodged            |    16 |    38 |    64 |   118 |   669 ||   905
